 Dungeon Crawl Stone Soup version 0.31-a0-4-gefa6de2278 (webtiles) character file.

Game seed: 15144041254300734256

1509 ytrimaz the Magician (level 9, -5/55 HPs)
             Began as a Djinni Fire Elementalist on May 3, 2023.
             Engulfed by a cloud of flame (13 damage)
             ... on level 5 of the Dungeon.
             The game lasted 00:08:47 (4825 turns).

ytrimaz the Magician (Djinni Fire Elementalist)     Turns: 4825, Time: 00:08:47

Health: -5/55      AC:  7    Str:  7    XL:     9   Next: 9%
Gold:   282        EV: 15    Int: 22    God:
                   SH:  0    Dex: 13

rFire   + . .        (no weapon)
rCold   . . .        (no shield)
rNeg    + . .        a - +1 robe
rPois   ∞            z - +0 helmet
rElec   .            x - +2 cloak
rCorr   .            (no gloves)
SInv    .            (boots unavailable)
Will    .....        (no amulet)
Stlth   ++           k - ring of positive energy
HPRegen 0.29/turn    j - ring of ice
MPRegen 0.00/turn

%: infuse magic (-6 HP)
@: flying
A: sickness immunity, fire resistance 2, cold vulnerability 1, float, innate
caster, HP casting, extra vitality 1
a: no special abilities


You were on level 5 of the Dungeon.
You visited 2 branches of the dungeon, and saw 6 of its levels.

You collected 282 gold pieces.


Innate Abilities, Weirdness & Mutations

You are immune to sickness and miasma.
You are immune to poison.
Your flesh is very heat resistant. (rF++)
You are vulnerable to cold. (rC-)
You float through the air rather than walking.
You learn spells naturally, not from books.
Your magical power is your life essence.
You have superior vitality. (+4 MHP)


   Skills:
 + Level 7.0 Dodging
 - Level 1.5 Stealth
 * Level 7.2 Spellcasting


You knew the following spells:

 Your Spells              Type           Power      Damage    Failure   Level
a - Vampiric Draining     Necr           39%        2d8       1%          3
b - Scorch                Fire           78%        2d8       1%          2
c - Dispel Undead         Necr           39%        3d16      4%          4
d - Flame Wave            Conj/Fire      39%        2d11      4%          4
e - Inner Flame           Hex/Fire       39%        N/A       1%          3
f - Foxfire               Conj/Fire      100%       2x1d9     1%          1
g - Momentum Strike       Conj/Tloc      78%        3d10      1%          2
h - Volatile Blastmotes   Fire/Tloc      78%        2d16      1%          3
i - Necrotise             Necr           100%       1d9       1%          1
Your spell library was empty.

Inventory:

Missiles
 w - a throwing net
Armour
 a - a +1 robe (worn)
 x - a +2 cloak (worn)
   (You found it on level 4 of the Dungeon)
 z - a +0 helmet (worn)
   (You found it on level 5 of the Dungeon)
Jewellery
 d - a ring of positive energy
   (You took it off a gnoll on level 5 of the Dungeon)
 j - a ring of ice (right hand)
   (You found it on level 2 of the Dungeon)
 k - a ring of positive energy (left hand)
   (You found it on level 2 of the Dungeon)
 n - a ring of see invisible
   (You found it on level 3 of the Dungeon)
 q - a ring of willpower
   (You took it off a gnoll on level 3 of the Dungeon)
Wands
 c - a wand of iceblast (9)
   (You took it off Ijyb on level 3 of the Dungeon)
 v - a wand of charming (5)
   (You found it on level 4 of the Dungeon)
Scrolls
 h - a scroll of magic mapping
 i - a scroll of amnesia
 r - a scroll of vulnerability
 t - 2 scrolls of enchant armour
 u - 5 scrolls of teleportation
 y - a scroll of immolation
Potions
 b - a potion of invisibility {unknown}
 e - 2 potions of ambrosia {unknown}
 f - a potion of berserk rage {unknown}
 g - 2 potions of brilliance {unknown}
 l - 3 potions of attraction {unknown}
 m - a potion of haste {unknown}
 o - 2 potions of mutation
 p - a potion of degeneration {unknown}
 s - 2 potions of curing

Dungeon Overview and Level Annotations

Branches:
Dungeon (5/15) Zot: 25422  Temple (1/1) D:5 Zot: 5754

Altars:
Cheibriados
Elyvilon
Fedhas
Gozag
Nemelex Xobeh
Okawaru
Qazlal
Trog
Uskayaw
Wu Jian
Zin

Shops:
D:1

:
.#....###.......#..####........##
.###.......)....##..............#
.........))......................
.##.#..####[.<.....##.(........).
.####..#..........## #.....[.##g.
..#..............## +.......#...
.....#...........## +.........#.
....##............####.......####
...##.........).@..##..#.g...####
...##..........§°§.....#.....##.#
...#...#.>.....§§§..#............
...#...#.........................
......###...###...#).............
......##...#####.................
.......)..##...##......(.........
....##.##†##...##................
[...##....##...##.#..............


There were no monsters in sight!


Message History

😮 HP[-3]
You take 3 damage, and now have 40/55 hp.
Casting: Inner Flame (safe; 1% risk of failure)
Confirm with . or Enter, or press ? or * to list all spells.
Casting: Flame Wave (dangerous; 4% risk of failure)
Press: ? - help, Dir - look around, f - activate A wave of flame ripples out! (Press . to intensify the flame waves.)
The gnoll closely misses you.
A wave of flame ripples out!
The flame wave engulfs the gnoll!
The gnoll explodes!
Your Dodging skill increases to level 7! 😮 HP[-4]
You take 4 damage, and now have 36/55 hp.
A wave of flame ripples out!
You finish channelling waves of flame. 😮 HP[-1]
You take 1 damage, and now have 35/55 hp.
Unknown command.
Key pressed, stopping explore.
Key pressed, stopping explore.
Unknown command. 😕 HP[+10]
You regained 10 hp, and now have 45/55 hp.
An iguana comes into view. 😕 HP[+5]
You regained 5 hp, and now have 50/55 hp.
An iguana is nearby!
An iguana is nearby!
An iguana is nearby!
You can't see any susceptible monsters within range! (Use Z to cast anyway.) Unknown command.
You can't see any susceptible monsters within range! (Use Z to cast anyway.)
Casting: Flame Wave (dangerous; 4% risk of failure)
Confirm with . or Enter, or press ? or * to list all spells.
You can't see any susceptible monsters within range! (Use Z to cast anyway.) Unknown command.
Casting: Flame Wave (dangerous; 4% risk of failure)
Confirm with . or Enter, or press ? or * to list all spells.
You can't see any susceptible monsters within range! (Use Z to cast anyway.) Unknown command.
Casting: Flame Wave (dangerous; 4% risk of failure)
Confirm with . or Enter, or press ? or * to list all spells.
Okay, then.
Casting: Flame Wave (dangerous; 4% risk of failure)
Confirm with . or Enter, or press ? or * to list all spells.
Aiming: Inner Flame (safe; 1% risk of failure)
Press: ? - help, Dir - move target, f - iguana
Aim: an iguana (wandering, hasn't noticed you, chance to affect: 93%)
The iguana barely resists. 😕 HP[-2]
You take 2 damage, and now have 48/55 hp.
Casting: Inner Flame (safe; 1% risk of failure)
Confirm with . or Enter, or press ? or * to list all spells.
Casting: Flame Wave (dangerous; 4% risk of failure)
Press: ? - help, Dir - look around, f - activate A wave of flame ripples out! (Press . to intensify the flame waves.)
You hear a shout! x2 😕 HP[-4]
You take 4 damage, and now have 44/55 hp.
A wave of flame ripples out!
The flame wave engulfs the iguana!
You hear a shout!
The iguana misses you. 😕 HP[-1]
You take 1 damage, and now have 43/55 hp.
Casting: Flame Wave (dangerous; 4% risk of failure)
Confirm with . or Enter, or press ? or * to list all spells.
Aiming: Inner Flame (safe; 1% risk of failure)
Press: ? - help, Dir - move target, f - iguana
Aim: an iguana (heavily wounded, chance to affect: 93%)
The iguana is filled with an inner flame.
The iguana closely misses you. 😮 HP[-2]
You take 2 damage, and now have 41/55 hp.
Casting: Inner Flame (safe; 1% risk of failure)
Confirm with . or Enter, or press ? or * to list all spells.
You don't know that spell.
The iguana completely misses you. The iguana closely misses you.
Casting: Inner Flame (safe; 1% risk of failure)
Confirm with . or Enter, or press ? or * to list all spells.
Casting: Flame Wave (dangerous; 4% risk of failure)
Press: ? - help, Dir - look around, f - activate A wave of flame ripples out!
The flame wave engulfs the iguana.
Flame seeps out of the iguana. (Press . to intensify the flame waves.)
The iguana is engulfed in blazing flames.
The iguana explodes!
The fiery explosion engulfs you! You resist.
* * * LOW HITPOINT WARNING * * *
You hear a shout!
A wave of flame ripples out!
* * * LOW HITPOINT WARNING * * *
You are engulfed in blazing flames.
You resist.
* * * LOW HITPOINT WARNING * * *
A wave of flame ripples out!
* * * LOW HITPOINT WARNING * * *
You finish channelling waves of flame.
You are engulfed in blazing flames.
You resist.
You die...

Skill      XL: |  1  2  3  4  5  6  7  8  9 |
---------------+----------------------------+-----
Spellcasting   | 3 4 5 7 |  7.2
Dodging        | 3 4 5 6 7 |  7.0
Stealth        | |  1.5

Action                     |  1- 3 |  4- 6 |  7- 9 || total
---------------------------+-------+-------+-------++-------
  Melee: Unarmed           |     1 |       |     1 ||     2
   Cast: Foxfire           |    34 |       |     8 ||    42
         Necrotise         |    27 |    55 |       ||    82
         Scorch            |     1 |    25 |    39 ||    65
         Inner Flame       |       |     1 |     4 ||     5
         Vampiric Draining |       |       |    57 ||    57
         Flame Wave        |       |       |     7 ||     7
         Volatile Blastmot |       |       |     1 ||     1
    Use: Scroll            |       |     6 |     4 ||    10
         Potion            |       |       |     3 ||     3
 Armour: Robe              |     5 |     3 |    33 ||    41
  Dodge: Dodged            |    12 |    25 |    98 ||   135

Levels and vault maps discovered:
D:1:      mainiacjoe_arrival_reflecting_pool, layout_basic, serial_shops,
          shop_fountains, minmay_quantized
D:2:      layout_rooms, grunt_decor_mini_mirrors
D:3:      layout_rooms, mainiacjoe_overflow_cross_hatched,
          kennysheep_cluttered_room, grunt_decor_one_mirror, uniq_ijyb,
          uniq_jessica
D:4:      layout_rooms
D:5:      layout_cave_pools, minmay_temple_entry_tees, serial_gnoll_camp,
          grums_kennel, gnoll_camp_mini_hut, gnoll_camp_mini_doghouse,
          gnoll_camp_huts_basic, gnoll_camp_mini_doghouse, gnoll_camp_medium_02,
          water_maze_lemuel
Temple:   nicolae_temple_slightly_damp_pantheon

Notes
Turn   | Place    | Note
-------+----------+-------------------------------------------
     0 | D:1      | ytrimaz the Djinni Fire Elementalist began the quest for
                  | the Orb.
     0 | D:1      | ytrimaz set off with the following spells memorised:
                  | Foxfire, Scorch, Volatile Blastmotes, Inner Flame, Flame
                  | Wave.
     0 | D:1      | Reached XP level 1. HP: 15/15 MP: 0/0
     0 | D:1      | magus.rc [v1.9.6]
    44 | D:1      | Reached XP level 2. HP: 12/21 MP: 0/0
   140 | D:1      | Found Puceymac's Book Boutique.
   315 | D:1      | Reached XP level 3. HP: 23/25 MP: 0/0
   315 | D:1      | Learned a level 1 spell: Necrotise
   330 | D:1      | Reached skill level 3 in Spellcasting
   857 | D:2      | Reached skill level 3 in Dodging
   883 | D:2      | Reached XP level 4. HP: 11/31 MP: 0/0
  1573 | D:3      | Found a stormy altar of Qazlal.
  1592 | D:3      | Noticed Ijyb
  1602 | D:3      | Killed Ijyb
  1846 | D:3      | Reached XP level 5. HP: 27/35 MP: 0/0
  1846 | D:3      | Learned a level 2 spell: Momentum Strike
  1848 | D:3      | Reached skill level 4 in Spellcasting
  2021 | D:3      | Reached XP level 6. HP: 14/40 MP: 0/0
  2022 | D:3      | HP: 5/40 [gnoll/+3 spear (8)]
  2025 | D:3      | Reached skill level 4 in Dodging
  2250 | D:3      | Noticed Jessica
  2257 | D:3      | Killed Jessica
  2721 | D:4      | Noticed an ogre
  2732 | D:4      | Killed an ogre
  2733 | D:4      | Reached XP level 7. HP: 29/45 MP: 0/0
  2733 | D:4      | Learned a level 3 spell: Vampiric Draining
  2846 | D:4      | Reached skill level 5 in Spellcasting
  2986 | D:4      | Reached skill level 5 in Dodging
  3287 | D:5      | Entered Level 5 of the Dungeon
  3287 | D:5      | Noticed a water moccasin
  3290 | D:5      | Killed a water moccasin
  3399 | D:5      | Reached XP level 8. HP: 36/50 MP: 0/0
  3469 | D:5      | Found a staircase to the Ecumenical Temple.
  3481 | Temple   | Entered the Ecumenical Temple
  3873 | D:5      | Reached skill level 6 in Spellcasting
  3878 | D:5      | HP: 9/50 [gnoll/+0 spear (6)]
  3880 | D:5      | HP: 1/50 [gnoll/+0 spear (7)]
  3887 | D:5      | HP: 12/50 [jackal (1)]
  3894 | D:5      | HP: 8/50 [gnoll/+0 spear (6)]
  3895 | D:5      | HP: 3/50 [gnoll/+0 spear (5)]
  4090 | D:5      | Reached skill level 6 in Dodging
  4242 | D:5      | Noticed Grum
  4282 | D:5      | Killed Grum
  4413 | D:5      | Reached skill level 7 in Spellcasting
  4570 | D:5      | Reached XP level 9. HP: 52/55 MP: 0/0
  4570 | D:5      | Learned a level 4 spell: Dispel Undead
  4763 | D:5      | Reached skill level 7 in Dodging
  4824 | D:5      | HP: 9/55 [cloud of flame (13)]
  4825 | D:5      | Engulfed by a cloud of flame

Vanquished Creatures
  Grum (D:5)
  A water moccasin (D:5)
  An ogre (D:4)
  A wolf (D:5)
  2 phantoms
  11 hounds
  A gnoll bouda (D:5)
  3 orc priests
  3 iguanas
  A sleepcap (D:5)
  Jessica (D:3)
  Ijyb (D:3)
  2 orc wizards (D:3)
  14 gnolls
  5 adders
  An ufetubus (D:5)
  A dart slug (D:4)
  14 orcs
  4 bats
  11 endoplasms
  3 giant cockroaches
  6 goblins
  3 hobgoblins
  5 jackals (D:5)
  5 quokkas
  9 ball pythons
  4 frilled lizards
  6 kobolds
  A rat (D:1)
121 creatures vanquished.

Vanquished Creatures (collateral kills)
  An orc wizard (D:3)
  2 bats (D:2)
3 creatures vanquished.

Vanquished Creatures (others)
  68 foxfires
68 creatures vanquished.

Grand Total: 192 creatures vanquished

Table legend:
 A = Non-vault XP
 B = Vault XP
 C = Vault XP percentage of total XP
 D = Non-vault monster count
 E = Vault monster count
 F = Vault count percentage of total count
                 A         B        C        D         E       F
            +---------+---------+-------+---------+---------+-------
      Total |    1161 |     996 |  46.2 |      90 |      34 |  27.4
            +---------+---------+-------+---------+---------+-------
        D:1 |      41 |       6 |  12.8 |      24 |       4 |  14.3
        D:2 |      40 |       0 |   0.0 |       9 |       0 |   0.0
        D:3 |     284 |      73 |  20.4 |      23 |       2 |   8.0
        D:4 |     329 |       0 |   0.0 |      17 |       0 |   0.0
        D:5 |     467 |     917 |  66.3 |      17 |      28 |  62.2
            +---------+---------+-------+---------+---------+-------

Skill      XL: |  1  2  3  4  5  6  7  8  9 |
---------------+----------------------------+-----
Spellcasting   | 3 4 5 7 |  7.2
Dodging        | 3 4 5 6 7 |  7.0
Stealth        | |  1.5

Action                     |  1- 3 |  4- 6 |  7- 9 || total
---------------------------+-------+-------+-------++-------
  Melee: Unarmed           |     1 |       |     1 ||     2
   Cast: Foxfire           |    34 |       |     8 ||    42
         Necrotise         |    27 |    55 |       ||    82
         Scorch            |     1 |    25 |    39 ||    65
         Inner Flame       |       |     1 |     4 ||     5
         Vampiric Draining |       |       |    57 ||    57
         Flame Wave        |       |       |     7 ||     7
         Volatile Blastmot |       |       |     1 ||     1
    Use: Scroll            |       |     6 |     4 ||    10
         Potion            |       |       |     3 ||     3
 Armour: Robe              |     5 |     3 |    33 ||    41
  Dodge: Dodged            |    12 |    25 |    98 ||   135

Illustrated notes

Table legend:
 A = Kills in this place as a percentage of kills in the entire game.
 B = Kills by you in this place as a percentage of kills by you in the entire game.
 C = Kills by friends in this place as a percentage of kills by friends in the entire game.
 D = Other kills in this place as a percentage of other kills in the entire game.
 E = Experience gained in this place as a percentage of experience gained in the entire game.
 F = Experience gained in this place divided by the number of levels of this place that you have seen.
                   A       B       C       D       E      F
               +-------+-------+-------+-------+-------+----------------------
         Total | 100.0 | 100.0 | 100.0 |   N/A | 100.0 | 359.5
       Dungeon | 100.0 | 100.0 | 100.0 |   N/A | 100.0 | 431.4
               +-------+-------+-------+-------+-------+----------------------

Table legend: (Time is in decaauts)
 A = Elapsed time spent in this place.
 B = Non-inter-level travel time spent in this place.
 C = Inter-level travel time spent in this place.
 D = Time resting spent in this place.
 E = Time spent auto-exploring this place.
 F = Levels seen in this place.
 G = Mean time per level.
                   A        B        C        D        E       F      G
               +--------+--------+--------+--------+--------+-----+--------+
         Total |   4823 |   4733 |     90 |    391 |   3596 |   6 |  803.8 |
       Dungeon |   4577 |   4504 |     73 |    391 |   3381 |   5 |  915.4 |
        Temple |    245 |    228 |     17 |      0 |    215 |   1 |  245.0 |
               +--------+--------+--------+--------+--------+-----+--------+

Top non-repeatable levels by time:
     D:5: 1181 daAuts
     D:3: 1105 daAuts
     D:1: 819 daAuts
     D:2: 751 daAuts
     D:4: 719 daAuts
  Temple: 245 daAuts
